 Dungeon Crawl Stone Soup version 0.26.1-2-gb8aa6d0cf2 (webtiles) character file.

Game seed: 3067257107912940457

115227 Marvel the Brawler (level 16, -6/143 HPs)
             Began as a Troll Fighter on Feb 27, 2021.
             Was the Champion of Qazlal.
             Killed by divine providence
             ... invoked by Saint Roka
              (12 damage)
             ... on level 3 of the Snake Pit.
             The game lasted 00:57:44 (21420 turns).

Marvel the Brawler (Troll Fighter)                 Turns: 21420, Time: 00:57:44

Health: -6/143     AC: 20    Str: 35    XL:     16   Next: 18%
Magic:  15/15      EV: 15    Int:  6    God:    Qazlal [******]
Gold:   1023       SH: 22    Dex:  9    Spells: 15/15 levels left

rFire    . . .     SeeInvis +     - Unarmed
rCold    . . .     Faith    .   b - +0 kite shield
rNeg     . . .     Spirit   .   a - +0 robe
rPois    +         Reflect  .   Q - +3 crown of Dyrovepreva {rElec Int+2 SInv}
rElec    +         Harm     .   M - +3 cloak of Negligence {rPois}
rCorr    .         Rampage  .   (gloves unavailable)
Will     ++...                  (boots unavailable)
Stlth    +.........             K - amulet of the acrobat
HPRegen  0.73/turn              s - ring of willpower
MPRegen  0.14/turn              L - +4 ring of protection

@: lethally poisoned (-6 -> -8), protected from physical damage, hasted, repel
missiles, very quick
A: large, unfitting armour, claws 3, regeneration 1, shaggy fur 1, strong 1,
tough skin 3, subdued magic 1, sturdy frame 1
a: Renounce Religion, Upheaval, Elemental Force, Disaster Area


You were on level 3 of the Snake Pit.
You worshipped Qazlal.
Qazlal was exalted by your worship.
You visited 6 branches of the dungeon, and saw 27 of its levels.
You also visited: Ice Cave.

You collected 1683 gold pieces.
You spent 660 gold pieces at shops.

Inventory:

Hand Weapons
 q - a +2 dagger of venom
Armour
 a - a +0 robe (worn)
 b - a +0 kite shield (worn)
 B - a +2 cloak
 M - the +3 cloak of Negligence (worn) {rPois}
   (You found it in an ice cave)

   It protects you from poison.
 Q - the +3 crown of Dyrovepreva (worn) {rElec Int+2 SInv}
   (You bought it in a shop on level 2 of the Snake Pit)

   It affects your intelligence (+2).
   It insulates you from electricity.
   It lets you see invisible.
Jewellery
 f - an uncursed ring of positive energy
 j - an uncursed ring of positive energy
 m - an uncursed ring of protection from cold
 s - a ring of willpower (left claw)
 K - an amulet of the acrobat (around neck)
 L - a +4 ring of protection (right claw)
 R - an uncursed ring of stealth
 U - an uncursed ring of ice
 W - an uncursed amulet of magic regeneration
 Z - a cursed -4 ring of dexterity {unknown}
Wands
 r - a wand of polymorph (12)
 u - a wand of digging (2)
 x - a wand of acid (40)
 A - a wand of disintegration (21)
 F - a wand of iceblast (7)
 P - a wand of paralysis (8)
Scrolls
 e - 32 scrolls of identify
 g - 4 scrolls of enchant armour {unknown}
 n - 4 scrolls of immolation
 p - 16 scrolls of remove curse
 v - 2 scrolls of fear {unknown}
 w - 6 scrolls of magic mapping
 y - 2 scrolls of blinking
 G - 6 scrolls of amnesia
 H - 4 scrolls of enchant weapon
 I - 2 scrolls of fog
 T - 2 scrolls of vulnerability
 V - 4 scrolls of teleportation
 X - a scroll of silence
 Y - a scroll of holy word {unknown}
Potions
 c - 6 potions of might
 d - 5 potions of mutation
 k - a potion of haste
 l - 2 potions of ambrosia
 o - 7 potions of curing
 z - 5 potions of magic
 O - 2 potions of brilliance
 S - a potion of flight
Miscellaneous
 N - a tin of tremorstones (2/2)


   Skills:
 + Level 5.5 Fighting
 + Level 11.8 Dodging
 + Level 3.0 Stealth
 + Level 13.1 Shields
 + Level 18.7 Unarmed Combat


You had 15 spell levels left.
You didn't know any spells.
Your spell library contained the following spells:

 Spells                   Type           Power        Failure   Level
 Corona                   Hex            0%           41%         1
 Magic Dart               Conj           0%           41%         1
 Sandblast                Erth           0%           41%         1
 Sting                    Tmut/Pois      0%           41%         1
 Blink                    Tloc           N/A          54%         2
 Call Imp                 Summ           0%           54%         2
 Ensorcelled Hibernation  Hex/Ice        0%           54%         2
 Passwall                 Tmut/Erth      0%           54%         2
 Poisonous Vapours        Pois/Air       0%           54%         2
 Slow                     Hex            0%           54%         2
 Confusing Touch          Hex            0%           80%         3
 Conjure Flame            Conj/Fire      0%           80%         3
 Dazzling Flash           Conj/Hex       0%           80%         3
 Gell's Gravitas          Tloc           0%           80%         3
 Ignite Poison            Fire/Tmut/Pois 0%           80%         3
 Mephitic Cloud           Conj/Pois/Air  0%           80%         3
 Stone Arrow              Conj/Erth      0%           80%         3
 Tukima's Dance           Hex            0%           80%         3
 Olgreb's Toxic Radiance  Pois           0%           99%         4
 Petrify                  Tmut/Erth      0%           99%         4
 Summon Lightning Spire   Summ/Air       0%           99%         4
 Lee's Rapid Deconstruct  Erth           0%           100%        5
 Metabolic Englaciation   Hex/Ice        0%           100%        5
 Silence                  Hex/Air        0%           100%        5
 Yara's Violent Unravell  Hex/Tmut       0%           100%        5
 Conjure Ball Lightning   Conj/Air       0%           100%        6
 Tornado                  Air            0%           100%        9


Dungeon Overview and Level Annotations

Branches:
Dungeon (15/15)            Temple (1/1) D:7            Lair (6/6) D:11
  Swamp (1/4) Lair:4        Snake (3/4) Lair:4          Orc (1/2) D:10
 Vaults (0/5) D:14         Depths (0/5) D:15          IceCv (visited)
  Slime: Lair:5-6

Altars:
Ashenzari
Cheibriados
Dithmenos
Elyvilon
Fedhas
Gozag
Hepliaklqana
Kikubaaqudgha
Makhleb
Nemelex Xobeh
Okawaru
Qazlal
Ru
Sif Muna
Trog
Uskayaw
Vehumet
Wu Jian
Xom
Yredelemnul
Zin
The Shining One

Shops:
D:4 *   Snake:2 ([}

Annotations:
D:14 1 runed translucent door
Snake:3 Saint Roka


Innate Abilities, Weirdness & Mutations

You are too large for most types of armour.
You have claws for hands.
Your natural rate of healing is unusually fast.
You are covered in fur. (AC +1)
You have extremely tough skin. (AC +3)
Your muscles are strong. (Str +2)
Your spells are a little easier to cast, but a little less powerful.
Your movements are slightly less encumbered by armour. (ER -2)


Message History

You feel sick.
You feel sick.
The orc warrior no longer looks unusually strong.
You feel sick.
You feel sick.
Saint Roka mumbles some strange prayers to Beogh against you.
Beogh smites you!
* * * LOW HITPOINT WARNING * * *
You feel much better.
You feel sick. You block the orc warrior's attack.
Saint Roka calls down the wrath of Beogh upon you.
Beogh smites you!
* * * LOW HITPOINT WARNING * * *
You feel sick.
Saint Roka mumbles some strange prayers to Beogh against you.
Beogh smites you!
* * * LOW HITPOINT WARNING * * *
You feel yourself speed up.
You feel sick. You block the orc warrior's attack.
Saint Roka calls down the wrath of Beogh upon you.
Beogh smites you!
You die...

#.....[..##.....≈≈≈≈≈≈......./(..
#........##......≈≈≈≈≈...........
#....##### #........≈....)(.#####
#....#######+............[###
#......##................[..#
#......##..........N.ooo....#
#......##......#......†)....##
#......##.....########o[......
#...............@o§oo.........
#..............○☼o§...........
#..............○○.............
#.............................
#.............................
########......................
#......................
......................
.................


You could see Saint Roka, 3 orc warriors and an orc (strong).

Vanquished Creatures
  7 nagarajas
  Aizul (Snake:1)
  Nessos (D:14)
  A dire elephant (D:15)
  4 boulder beetles
  3 hydras
  A catoblepas (Lair:5)
  6 anacondas
  6 naga warriors
  Harold (D:8)
  5 two-headed ogres
  4 centaur warriors
  4 death yaks (Lair:4)
  2 tengu warriors
  A naga sharpshooter (Snake:3)
  A skeletal warrior (D:9)
  4 shock serpents
  A salamander mystic (Snake:3)
  5 sea snakes (Snake:3)
  An unseen horror (D:10)
  2 naga ritualists
  2 wizards (D:14)
  Pikel (D:5)
  A necromancer (D:9)
  4 mana vipers
  2 oklob plants (D:11)
  An orc sorcerer (Snake:3)
  A lindwurm (Lair:4)
  4 ugly things
  19 elephants
  A manticore (D:11)
  6 cyclopes
  9 salamanders
  A guardian serpent (Snake:1)
  26 black mambas
  Joseph (D:8)
  9 naga magi
  2 ice statues (IceCv)
  3 torpor snails
  Maggie (D:8)
  10 cane toads
  3 rime drakes
  An efreet (D:15)
  2 ice devils
  4 komodo dragons
  A yaktaur (shapeshifter) (D:14)
  8 trolls
  A polar bear (Lair:4)
  3 blink frogs (Lair:2)
  A hornet (D:8)
  3 tyrant leeches
  A harpy skeleton (D:13)
  Grinder (D:4)
  8 slime creatures
  4 flying skulls (D:9)
  4 water elementals
  4 shadows (D:9)
  Eustachio (D:5)
  6 wraiths
  6 wyverns
  49 yaks
  A steam dragon (D:6)
  2 vampire mosquitoes (D:13)
  3 swamp worms (Lair:4)
  A warg (Snake:3)
  20 nagas
  13 water moccasins
  Duvessa (D:5)
  10 ice beasts
  13 orc warriors
  6 sky beasts
  4 black bears
  4 wolves
  6 phantoms
  3 necrophages
  12 ogres
  19 centaurs
  An elf zombie (D:8)
  A gnoll sergeant (D:10)
  A big kobold (D:7)
  18 bullfrogs
  A wyvern zombie (D:9)
  2 troll zombies (D:10)
  Dowan (D:5)
  5 scorpions
  5 killer bees (D:8)
  11 wights
  4 electric eels
  4 howler monkeys
  4 jellies
  6 centaur zombies
  4 human zombies (D:8)
  4 bullfrog skeletons
  9 hounds
  2 bullfrog zombies (D:9)
  3 centaur skeletons
  19 orc priests
  8 worker ants
  Ijyb (D:5)
  3 iguanas
  26 orc wizards
  4 hell rats (Lair:4)
  6 ogre zombies (D:10)
  2 mummies (D:8)
  A howler monkey zombie (D:9)
  2 worker ant zombies
  12 gnolls
  A howler monkey skeleton (D:5)
  12 adders
  A shadow imp (D:10)
  4 white imps
  An ooze (D:2)
  2 adder skeletons
  3 adder zombies (D:9)
  2 worms (D:2)
  3 dart slugs
  3 leopard geckos
  60 orcs
  4 bats
  6 giant cockroaches
  7 goblins
  7 hobgoblins
  5 jackals
  10 quokkas
  7 ball pythons
  4 frilled lizards
  2 goblin skeletons (D:10)
  5 goblin zombies (D:10)
  A hobgoblin skeleton (D:10)
  3 hobgoblin zombies (D:10)
  A jackal zombie (D:9)
  10 kobolds
  3 leopard gecko skeletons
  3 orc skeletons
  12 orc zombies (D:10)
  3 quokka skeletons
  A quokka zombie (D:9)
  6 rats
756 creatures vanquished.

Vanquished Creatures (others)
  A goliath frog (Swamp:1)
  A wizard (D:3)
  A wight (D:13)
  An orc priest (Orc:1)
  A hell rat (Lair:4)
  2 orcs (Orc:1)
  13 fungi
  102 plants
122 creatures vanquished.

Grand Total: 878 creatures vanquished

Notes
Turn   | Place    | Note
-------+----------+-------------------------------------------
     0 | D:1      | Marvel the Troll Fighter began the quest for the Orb.
     0 | D:1      | Reached XP level 1. HP: 22/22 MP: 0/0
   109 | D:1      | Reached XP level 2. HP: 29/29 MP: 1/1
   587 | D:2      | Reached XP level 3. HP: 36/36 MP: 2/2
   883 | D:2      | Reached XP level 4. HP: 43/44 MP: 3/3
  1326 | D:3      | Reached skill level 3 in Unarmed Combat
  1424 | D:3      | Found a bloodstained altar of Trog.
  1634 | D:3      | Noticed a wizard
  1637 | D:3      | Killed a wizard
  1786 | D:4      | Gained mutation: Your magical capacity is low. (-10% MP)
                  | [potion of mutation]
  1786 | D:4      | Gained mutation: You have sharp toenails. [potion of
                  | mutation]
  1786 | D:4      | Gained mutation: You are robust. (+10% HP) [potion of
                  | mutation]
  1827 | D:4      | Reached XP level 5. HP: 22/55 MP: 3/3
  1931 | D:4      | Found a snail-covered altar of Cheibriados.
  1932 | D:4      | Found a shimmering altar of Xom.
  1933 | D:4      | Found a sparkling altar of Nemelex Xobeh.
  1936 | D:4      | Found a shadowy altar of Dithmenos.
  2014 | D:4      | Noticed a phantom
  2035 | D:4      | Killed a phantom
  2036 | D:4      | Reached skill level 4 in Unarmed Combat
  2036 | D:4      | Reached XP level 6. HP: 58/64 MP: 4/4
  2224 | D:4      | Reached skill level 5 in Unarmed Combat
  2224 | D:4      | Reached XP level 7. HP: 72/72 MP: 5/5
  2315 | D:4      | Noticed Grinder
  2325 | D:4      | Paralysed by Grinder for 4 turns
  2329 | D:4      | Killed Grinder
  2649 | D:4      | Found Xootas's General Store.
  2652 | D:4      | Bought a potion of curing for 39 gold pieces
  2687 | D:5      | Entered Level 5 of the Dungeon
  2698 | D:5      | Noticed Duvessa
  2698 | D:5      | Noticed Dowan
  2701 | D:5      | Killed Dowan
  2702 | D:5      | Reached skill level 6 in Unarmed Combat
  2715 | D:5      | Killed Duvessa
  2716 | D:5      | Reached skill level 1 in Stealth
  2798 | D:5      | Reached XP level 8. HP: 76/82 MP: 6/6
  2942 | D:5      | Noticed Pikel
  2959 | D:5      | Killed Pikel
  2960 | D:5      | Reached skill level 7 in Unarmed Combat
  2988 | D:5      | Noticed Ijyb
  2995 | D:5      | Killed Ijyb
  2996 | D:5      | Reached skill level 5 in Dodging
  3480 | D:5      | Reached skill level 8 in Unarmed Combat
  3536 | D:5      | Noticed Eustachio
  3564 | D:5      | Killed Eustachio
  3708 | D:6      | Reached XP level 9. HP: 71/91 MP: 7/7
  3758 | D:6      | Reached skill level 5 in Shields
  4200 | D:6      | Reached skill level 9 in Unarmed Combat
  4451 | D:7      | Found a staircase to the Ecumenical Temple.
  4522 | Temple   | Entered the Ecumenical Temple
  4564 | Temple   | Became a worshipper of Qazlal Stormbringer
  4901 | D:7      | Reached * piety under Qazlal
  4902 | D:7      | Reached XP level 10. HP: 95/100 MP: 8/8
  5063 | D:8      | Reached skill level 10 in Unarmed Combat
  5124 | D:8      | Noticed a seven-headed hydra
  5307 | D:8      | Noticed Joseph
  5321 | D:8      | Killed Joseph
  5405 | D:8      | Paralysed by a hornet for 2 turns
  5467 | D:8      | Reached ** piety under Qazlal
  5789 | D:8      | Noticed Harold
  5800 | D:8      | Killed Harold
  5801 | D:8      | Reached skill level 11 in Unarmed Combat
  6109 | D:8      | Reached XP level 11. HP: 87/106 MP: 8/8
  6113 | D:8      | Noticed Maggie
  6125 | D:8      | Killed Maggie
  6409 | D:8      | Found an ancient bone altar of Kikubaaqudgha.
  6449 | D:8      | Found a runed translucent gate.
  6449 | D:8      | Found a runed translucent gate.
  6449 | D:8      | Found a runed translucent gate.
  6450 | D:8      | Noticed a purple ugly thing
  6451 | D:8      | Noticed a red ugly thing
  6453 | D:8      | Noticed a brown ugly thing
  6476 | D:8      | Killed a red ugly thing
  6476 | D:8      | Reached *** piety under Qazlal
  6589 | D:9      | Reached skill level 12 in Unarmed Combat
  6843 | D:9      | Noticed a necromancer
  6852 | D:9      | Killed a necromancer
  6854 | D:9      | Noticed a skeletal warrior
  7077 | D:9      | Found a shimmering blue altar of Sif Muna.
  7195 | D:9      | Reached **** piety under Qazlal
  7241 | D:9      | Killed a skeletal warrior
  7939 | D:10     | Entered Level 10 of the Dungeon
  7958 | D:10     | Reached skill level 13 in Unarmed Combat
  7994 | D:10     | Noticed a two-headed ogre
  8006 | D:10     | Killed a two-headed ogre
  8074 | D:10     | Reached ***** piety under Qazlal
  8234 | D:10     | Killed an unseen horror
  8235 | D:10     | Reached XP level 12. HP: 106/117 MP: 9/9
  8323 | D:10     | Found a staircase to the Orcish Mines.
  8741 | D:11     | Noticed a boulder beetle
  8774 | D:11     | Killed a boulder beetle
  8799 | D:11     | Found a frozen archway.
  8908 | IceCv    | Entered an ice cave
  8930 | IceCv    | Reached ****** piety under Qazlal
  8931 | IceCv    | Reached skill level 14 in Unarmed Combat
  9009 | IceCv    | Found a transporter.
  9025 | IceCv    | Got an ichor-stained cloak
  9039 | IceCv    | Found a transporter.
  9259 | D:11     | Found a staircase to the Lair.
  9681 | D:11     | Identified the +3 cloak of Negligence {rPois} (You found it
                  | in an ice cave)
  9736 | D:12     | Noticed a two-headed ogre
  9742 | D:12     | Killed a two-headed ogre
 10686 | D:13     | Noticed a centaur warrior
 10689 | D:13     | Killed a centaur warrior
 10709 | D:13     | Reached XP level 13. HP: 108/128 MP: 10/10
 11012 | D:13     | Reached skill level 15 in Unarmed Combat
 11735 | D:14     | Noticed Nessos
 11747 | D:14     | Killed Nessos
 11779 | D:14     | Found a runed translucent door.
 11779 | D:14     | Identified the amulet of Metig {rElec Will+ Regen+ Int+4}
 11779 | D:14     | Noticed a frost giant
 11801 | D:14     | Found a white marble altar of Elyvilon.
 11958 | D:14     | Found a gate to the Vaults.
 12071 | D:14     | Reached skill level 10 in Shields
 12509 | D:15     | Entered Level 15 of the Dungeon
 13031 | D:15     | Found a blossoming altar of Fedhas.
 13112 | D:14     | Lost mutation: Your magical capacity is low. (-10% MP)
                  | [potion of mutation]
 13112 | D:14     | Lost mutation: You have sharp toenails. [potion of
                  | mutation]
 13112 | D:14     | Lost mutation: You are robust. (+10% HP) [potion of
                  | mutation]
 13112 | D:14     | Gained mutation: Your movements are slightly less
                  | encumbered by armour. (ER -2) [potion of mutation]
 13112 | D:14     | Gained mutation: Your spells are a little easier to cast,
                  | but a little less powerful. [potion of mutation]
 13112 | D:14     | Gained mutation: Your muscles are strong. (Str +2) [potion
                  | of mutation]
 13118 | D:14     | Reached skill level 10 in Dodging
 13315 | D:15     | Noticed a dire elephant
 13332 | D:15     | Killed a dire elephant
 13333 | D:15     | Reached skill level 16 in Unarmed Combat
 13477 | D:15     | Found a staircase to the Depths.
 13823 | Lair:1   | Entered Level 1 of the Lair of Beasts
 13846 | Lair:1   | Found a shimmering altar of Xom.
 14588 | Lair:2   | Reached XP level 14. HP: 118/124 MP: 13/13
 14788 | Lair:2   | Found the +7 Singing Sword {vorpal, sonic wave}
 15616 | Lair:3   | You fall into a shaft and drop 2 floors!
 16054 | Lair:4   | Reached skill level 17 in Unarmed Combat
 16073 | Lair:4   | Found a staircase to the Snake Pit.
 16117 | Lair:4   | Reached skill level 5 in Fighting
 16645 | Lair:4   | Found a staircase to the Swamp.
 17133 | Swamp:1  | Entered Level 1 of the Swamp
 17627 | Lair:6   | Entered Level 6 of the Lair of Beasts
 17845 | Orc:1    | Entered Level 1 of the Orcish Mines
 17846 | Orc:1    | Noticed an orc warlord
 18018 | Snake:1  | Entered Level 1 of the Snake Pit
 18042 | Snake:1  | Reached XP level 15. HP: 101/133 MP: 14/14
 18970 | Snake:2  | Noticed a nagaraja
 18988 | Snake:2  | Killed a nagaraja
 19146 | Snake:2  | Noticed a nagaraja
 19161 | Snake:2  | Killed a nagaraja
 19162 | Snake:2  | Noticed Aizul
 19210 | Snake:2  | Noticed a nagaraja
 19368 | Snake:1  | Killed Aizul
 19369 | Snake:1  | Reached skill level 18 in Unarmed Combat
 19787 | Snake:2  | Killed a nagaraja
 19881 | Snake:2  | Noticed a nagaraja
 19888 | Snake:2  | Killed a nagaraja
 20006 | Snake:2  | Found Wiogute's Weapon Emporium.
 20035 | Snake:2  | Noticed a nagaraja
 20044 | Snake:2  | Killed a nagaraja
 20077 | Snake:2  | Found Avvamn's Armour Boutique.
 20086 | Snake:2  | Bought the +3 crown of Dyrovepreva {rElec Int+2 SInv} for
                  | 621 gold pieces
 20086 | Snake:2  | Found the +3 crown of Dyrovepreva {rElec Int+2 SInv}
 20234 | Snake:2  | Found Dutat's Gadget Emporium.
 20673 | Snake:3  | Noticed a nagaraja
 20690 | Snake:3  | Killed a nagaraja
 20944 | Snake:3  | Noticed a nagaraja
 20967 | Snake:3  | Killed a nagaraja
 20968 | Snake:3  | Reached XP level 16. HP: 117/143 MP: 15/15
 21100 | Snake:3  | Noticed Saint Roka
 21419 | Snake:3  | HP: 6/143 [Saint Roka/divine providence (13)]
 21420 | Snake:3  | Killed from afar by Saint Roka

Illustrated notes

Levels and vault maps discovered:
D:1:      minmay_arrival_four_loops, layout_basic, minivault_19
D:2:      layout_loops_ring
D:3:      layout_rooms, trog_wizard
D:4:      layout_basic, minitemple, serial_shops, kennysheep_mini_moat,
          uniq_grinder
D:5:      layout_basic, serial_corexii_hall, corexii_hall_statues_t,
          corexii_hall_statues_i, chequers_hall_statues_wall_a,
          corexii_hall_statues_x, kennysheep_flooded_box,
          minmay_misc_feat_doors, uniq_ijyb, uniq_pikel, uniq_duvessa,
          uniq_eustachio
D:6:      layout_basic, chequers_serial_rivers_small_3
D:7:      layout_rooms, minmay_temple_entry_tees, amcnicky_mini_pool_small,
          kennysheep_generic_room_15
D:8:      layout_basic, lemuel_mausoleum_altar_kikubaaqudgha,
          ploomutoo_gammafunk_ghost_potion_laboratory, kb_rosetta, uniq_harold,
          uniq_joseph, uniq_maggie
D:9:      hangedman_screamer, layout_loops_corners, led_sif_book,
          chequers_serial_rivers_large_a
D:10:     layout_cave_pools, zombieorc2_lemuel
D:11:     layout_cave_pools, dpeg_oklobed_lair, portal_ice_cave_demonic_guard
D:12:     layout_cave_pods
D:13:     layout_grid_maze
D:14:     layout_basic, david_vaults_1, elyvilon_altar_3, serial_bayou,
          serial_bayou_ford_a, serial_bayou_pond_e, serial_bayou_pond_e,
          serial_bayou_lagoon_b, kennysheep_treasure_room, uniq_nessos
D:15:     hangedman_depths_entry_try_elsewhere_first, layout_loops_ring,
          serial_bayou_shore_a, minmay_misc_feat_nine_boxes, fedhas_altar_2
Temple:   lightli_temple_of_artemis
Lair:1:   layout_long_grid, basic_altar, infiniplex_staircase_pool_2,
          lemuel_fruit_tree, lemuel_fruit_fields
Lair:2:   layout_chaotic_city, grunt_megastairs_3
Lair:3:   layout_cellular_growth, kennysheep_snail_temple
Lair:4:   nzn_winding_woodlands_cross [nzn_winding_woodlands_5x15_zeroes,
          nzn_winding_woodlands_5x15_river_crossing,
          nzn_winding_woodlands_5x15_parted, nzn_winding_woodlands_5x15_default,
          nzn_winding_woodlands_15x15_five_gardens], layout_gridlike,
          minmay_swamp_entry_worms
Lair:5:   layout_hall_layers, st_stairs_3, serial_bayou_shore_b
Lair:6:   guppyfry_lair_end_dragon, layout_gridlike, slime_altar_1
Swamp:1:  layout_basic_swamp, serial_swamp_ruin, evilmike_swamp_ruin_house_2,
          evilmike_swamp_ruin_wall, evilmike_swamp_ruin_house_3,
          hangedman_swamp_diagram, uniq_louise
Snake:1:  layout_misc_corridors, serial_bayou_shore_b
Snake:2:  layout_misc_corridors, serial_shops, shop, nicolae_shop_behind_doors,
          shop, uniq_aizul
Snake:3:  layout_grid_maze, serial_bayou_pond_c, nicolae_snake_springs,
          uniq_saint_roka
Orc:1:    layout_caves, abandoned_shop

Skill      XL: |  1  2  3  4  5  6  7  8  9 10 11 12 13 14 15 16 |
---------------+-------------------------------------------------+-----
Shields        | 3 4 5 6 8 9 10 11 12 13 | 13.1
Unarmed Combat | 3 4 5 6 8 9 11 13 14 16 17 18 | 18.7
Dodging        | 3 4 5 6 7 8 9 10 11 | 11.8
Fighting       | 3 4 5 |  5.5
Stealth        | 1 2 3 |  3.0

Action                   |  1- 3 |  4- 6 |  7- 9 | 10-12 | 13-15 | 16-18 || total
-------------------------+-------+-------+-------+-------+-------+-------++-------
Melee: Unarmed           |   108 |   105 |   303 |   742 |  1060 |    94 ||  2412
       Kick              |       |    19 |    77 |   237 |    73 |       ||   406
Evoke: Wand              |       |       |       |     1 |     1 |       ||     2
  Use: Potion            |       |     5 |     1 |     7 |    16 |     2 ||    31
       Scroll            |       |     7 |       |     5 |     3 |     1 ||    16
Armor: Robe              |    42 |    32 |    82 |   111 |   168 |    10 ||   445
       Skin              |       |       |       |       |   107 |       ||   107
Dodge: Dodged            |    45 |    25 |   110 |   184 |   336 |    54 ||   754
       Repelled          |       |       |       |     3 |    12 |     2 ||    17
Block: Kite shield       |    50 |    39 |   159 |   489 |   985 |   134 ||  1856
